 Dungeon Crawl Stone Soup version 0.22-a0-161-g198051c (webtiles) character file.

29 wolfsongas the Skirmisher (level 3, -10/26 HPs)
             Began as an Octopode Fighter on Feb 10, 2018.
             Mangled by an orc warrior
             ... wielding a +0 glaive
              (23 damage)
             ... on level 2 of the Dungeon.
             The game lasted 00:01:06 (1410 turns).

wolfsongas the Skirmisher (Octopode Fighter)        Turns: 1410, Time: 00:01:06

Health: -10/26     AC:  1    Str: 15    XL:     3   Next: 16%
Magic:  3/3        EV: 11    Int: 10    God:
Gold:   17         SH:  8    Dex: 12    Spells: 2/2 levels left

rFire    . . .     SeeInvis .     - Unarmed
rCold    . . .     Gourm    .   a - +0 shield
rNeg     . . .     Faith    .   (helmet restricted)
rPois    .         Spirit   .   (no amulet)
rElec    .         Reflect  .   (no ring)
rCorr    .         Harm     .   (no ring)
MR       .....                  (no ring)
Stlth    ++........             (no ring)
HPRegen  0.08/turn              (no ring)
MPRegen  0.08/turn              (no ring)
                                (no ring)
                                (no ring)

@: no status effects
A: almost no armour, stealthy swim, amphibious, 8 rings, constrict 8, camouflage
1, gelatinous body 1
a: no special abilities


You were on level 2 of the Dungeon.
You were not hungry.

You visited 1 branch of the dungeon, and saw 2 of its levels.

You collected 17 gold pieces.

Inventory:

Armour
 a - a +0 shield (worn)
Jewellery
 g - an uncursed amulet of faith {unknown}
 i - a cursed ring of loudness {unknown}
Potions
 b - a potion of might
 d - a potion of haste {unknown}
 e - a potion of invisibility {unknown}
Comestibles
 c - 2 rations
 f - 2 chunks of flesh


   Skills:
 + Level 3.4 Fighting
 - Level 3.0 Dodging
 - Level 3.0 Shields
 * Level 3.1 Unarmed Combat


You had 2 spell levels left.
You didn't know any spells.

Dungeon Overview and Level Annotations

Branches:
Dungeon (2/15)

Altars:


Innate Abilities, Weirdness & Mutations

You cannot wear most types of armour.
You are very stealthy in the water. (Stealth+)
You are amphibious.
You can wear up to eight rings at the same time.
You can use your tentacles to constrict eight enemies at once.
Your skin changes colour to match your surroundings (Stealth+).
Your rubbery body absorbs attacks. (AC +1, EV +1)


Message History

You are too injured to fight recklessly!
You are too injured to fight recklessly!
You are too injured to fight recklessly!
You are too injured to fight recklessly!
You are too injured to fight recklessly!
You are too injured to fight recklessly!
You are too injured to fight recklessly!
You are too injured to fight recklessly!
You are too injured to fight recklessly!
You are too injured to fight recklessly!
You are too injured to fight recklessly!
You are too injured to fight recklessly!
You are too injured to fight recklessly!
You are too injured to fight recklessly!
You tentacle-slap the orc warrior but do no damage.
You squeeze the orc warrior, but do no damage.
You constrict the orc warrior.
The orc warrior hits you with a glaive!!
Ouch! That really hurt!
You die...

.# .# .. .# ### #
o# #.. # #. .# #.#
#.#?###o###.####
#.....@$.......
#.#....####.#.#
#....).####.#.###
...####..........##
## ######......#
#......# ##.#[#..#
#.......# #..#.#..#


You could see an orc warrior and an orc wizard.

Vanquished Creatures
  A leopard gecko (D:1)
  5 bats (D:1)
  2 giant cockroaches (D:1)
  5 hobgoblins
  4 kobolds (D:1)
  4 goblins
  3 rats (D:1)
24 creatures vanquished.

Notes
Turn   | Place    | Note
-------+----------+-------------------------------------------
     0 | D:1      | wolfsongas the Octopode Fighter began the quest for the Orb.
     0 | D:1      | Reached XP level 1. HP: 16/16 MP: 1/1
   391 | D:1      | Reached XP level 2. HP: 17/21 MP: 2/2
  1055 | D:1      | Reached XP level 3. HP: 26/26 MP: 3/3
  1404 | D:2      | Noticed an orc warrior
  1410 | D:2      | Mangled by an orc warrior

Vault maps used:
D:1:      minmay_arrival_checkered_box, interstate_on_off
D:2:      first_ration, serial_glass, glass_columns_c, glass_columns_a,
          glass_columns_a, glass_columns_b, glass_columns_a

Skill      XL: |  1  2 |
---------------+-------+-----
Unarmed Combat | 3 |  3.1
Fighting       | |  3.4
Dodging        | |  3.0
Shields        | |  3.0

Action                   || total
-------------------------++-------
Melee: Unarmed           ||    50
       Constrict         ||    13
       Tentacles         ||     5
       Punch             ||     1
  Use: Scroll            ||     1
 Stab: Sleeping          ||     7
  Eat: Chunk             ||     1
Armor: Skin              ||     5
Dodge: Dodged            ||    15
Block: Shield            ||    10

Table legend:
 A = Spawn XP
 B = Non-spawn XP
 C = Spawn XP percentage of total XP
 D = Spawn monster count
 E = Non-spawn monster count
 F = Spawn count percentage of total count
 G = Total turns spent on level
                    A         B        C        D         E        F      G
               +---------+---------+-------+---------+---------+-------+---------
         Total |       0 |      42 |   0.0 |       0 |      24 |   0.0 |  1410
               +---------+---------+-------+---------+---------+-------+---------
           D:1 |       0 |      39 |   0.0 |       0 |      22 |   0.0 |  1383
           D:2 |       0 |       3 |   0.0 |       0 |       2 |   0.0 |    27
               +---------+---------+-------+---------+---------+-------+---------
